Map: Blackburn LE

Players

Clem - Winner!

  • Race: Terran Terran

Elazer

  • Race: Zerg Zerg

Event: DreamHack SC2 Masters 2021 Winter

VOD

Have the link to the VOD?

Description

Time

  • Played on: Oct. 12, 2021, 10:14 a.m.
  • Length: 8:16

All games in this series

Show
View Real Time Build Order
Export as new Build Order

Clem Terran - Winner!

Build Orders: Reaper Expand, Hellion Banshee 

Get SALT Encoding   

  12  0:00  SCV  
  13  0:12  SCV  
  14  0:17  Supply Depot  
  14  0:24  SCV  
  15  0:38  SCV  
  15  0:40  Barracks  
  16  0:44  Refinery  
  16  0:51  SCV  
  17  1:03  SCV  
  18  1:15  SCV  
  19  1:27  Orbital Command  
  19  1:28  Reaper  
  20  1:40  Command Center  
  20  1:48  Supply Depot  
  20  1:52  SCV  
  21  1:59  Marine  
  22  2:04  SCV  
  23  2:12  Factory  
  23  2:14  Refinery  
  23  2:18  SCV  
  23  2:22  Barracks Reactor  
  24  2:30  SCV  
  25  2:42  SCV  
  26  2:53  Orbital Command  
  26  2:54  SCV  
  27  2:59  Starport  
  27  3:03  Hellion x2  
  27  3:04  Marine  
  32  3:06  SCV  
  33  3:14  Supply Depot  
  33  3:18  SCV  
  33  3:19  SCV  
  35  3:24  Hellion x2, Marine  
  40  3:33  Armory  
  40  3:35  Medivac  
  40  3:38  SCV  
  43  3:44  Marine  
  43  3:46  Supply Depot  
  46  3:48  Hellion  
  46  3:51  Hellion  
  46  3:52  SCV  
  46  3:54  SCV  
  50  4:04  Barracks Tech Lab  
  50  4:05  SCV  
  50  4:06  SCV  
  55  4:10  Supply Depot  
  55  4:13  Hellion x2  
  56  4:19  SCV  
  58  4:31  SCV x2  
  58  4:35  Command Center  
  59  4:39  Hellion x2  
  59  4:40  Marine  
  63  4:47  Banshee  
  63  4:49  SCV  
  63  4:52  SCV  
  67  4:58  Marine  
  66  5:01  SCV  
  66  5:05  Hellion x2  
  70  5:09  SCV  
  70  5:12  Supply Depot  
  70  5:14  SCV  
  65  5:21  SCV  
  65  5:22  Barracks Tech Lab  
  65  5:26  SCV  
  65  5:27  Barracks  
  63  5:28  Hellion  
  63  5:29  Barracks  
  63  5:33  SCV  
  64  5:37  Hellion  
  64  5:38  SCV  
  64  5:39  Starport Reactor  
  64  5:41  Refinery  
  64  5:42  Refinery  
  67  5:43  Stimpack  
  67  5:44  Marine  
  67  5:48  Orbital Command  
  66  5:50  SCV  
  66  5:55  Hellion  
  66  5:56  SCV  
  68  6:02  Marine  
  67  6:05  Engineering Bay  
  67  6:06  Engineering Bay  
  67  6:08  SCV  
  67  6:11  Hellion, Orbital Command  
  70  6:15  SCV  
  64  6:19  Barracks Reactor, Marine  
  64  6:25  Starport Reactor  
  64  6:27  Hellion, Barracks x2  
  64  6:28  SCV  
  67  6:38  Hellion, SCV  
  67  6:39  SCV  
  71  6:41  Marine  
  71  6:43  Marine  
  71  6:45  SCV  
  74  6:49  Marine  
  74  6:50  SCV  
  74  6:51  SCV  
  77  6:55  Supply Depot  
  77  6:56  Hellion  
  77  6:59  Hellion  
  77  7:00  SCV  
  82  7:01  Medivac x2  
  82  7:04  Marine x4  
  82  7:06  SCV  
  82  7:08  SCV  
  92  7:12  Supply Depot  
  92  7:15  Barracks Reactor  
  92  7:16  Barracks Reactor  
  92  7:21  Marine  
  92  7:22  Marine  
  94  7:23  Supply Depot, SCV x3  
  94  7:25  Supply Depot  
  94  7:26  Marine x2  
  94  7:28  Siege Tank  
  102  7:33  Supply Depot  
  102  7:34  Medivac x2  
  102  7:36  Marine  
  107  7:42  Supply Depot  
  107  7:50  Marine, Barracks x2  
  108  7:52  Barracks  
  108  7:55  SCV x3  
  111  7:58  Marine  
Show
View Real Time Build Order
Export as new Build Order

Elazer Zerg 

Build Orders: Hatch First 

Get SALT Encoding   

  12  0:00  Drone  
  13  0:12  Overlord  
  13  0:17  Drone  
  14  0:30  Drone x2  
  16  0:48  Hatchery  
  15  0:51  Drone  
  15  0:55  Drone  
  17  0:58  Drone  
  18  1:08  Extractor  
  17  1:13  Spawning Pool  
  17  1:17  Drone  
  17  1:20  Drone  
  18  1:28  Drone  
  19  1:38  Drone  
  20  1:49  Drone  
  21  1:59  Queen x2  
  21  2:00  Zergling x2  
  21  2:01  Zergling x2  
  27  2:11  Metabolic Boost, Zergling x2  
  27  2:13  Overlord  
  28  2:31  Hatchery  
  28  2:32  Drone  
  28  2:34  Drone  
  29  2:41  Drone x2  
  31  2:47  Queen  
  33  2:53  Overlord  
  33  2:57  Drone x2  
  35  3:00  Drone  
  36  3:07  Overlord  
  36  3:11  Drone x3  
  39  3:13  Drone  
  39  3:19  Queen  
  42  3:26  Queen  
  44  3:31  Drone  
  44  3:32  Drone x2  
  47  3:35  Drone  
  47  3:38  Drone  
  49  3:42  Drone x3  
  49  3:46  Overlord  
  49  3:48  Queen  
  52  3:50  Drone  
  52  3:52  Drone  
  52  3:55  Drone x2  
  58  4:01  Overlord  
  58  4:04  Drone x3  
  63  4:12  Queen, Baneling Nest  
  63  4:13  Drone  
  63  4:17  Drone x3  
  63  4:23  Overlord  
  66  4:25  Drone x3  
  66  4:30  Zergling x10  
  74  4:39  Queen  
  74  4:43  Zergling x10  
  77  4:47  Queen  
  75  4:55  Baneling x2  
  75  4:56  Baneling x2  
  75  4:57  Queen  
  76  5:01  Zergling x2  
  75  5:10  Overlord  
  72  5:20  Drone x5  
  76  5:23  Drone  
  70  5:30  Drone x3  
  71  5:45  Drone x4  
  71  5:49  Drone x2  
  77  5:56  Zergling x2  
  68  6:03  Drone x2  
  60  6:09  Drone x5  
  54  6:25  Drone x6  
  60  6:29  Spore Crawler  
  60  6:30  Spore Crawler  
  60  6:31  Spore Crawler  
  57  6:34  Drone x3  
  57  6:39  Drone  
  61  6:40  Drone x2, Lair  
  61  6:41  Drone  
  61  6:43  Drone x2  
  66  6:48  Drone x2  
  66  6:50  Drone  
  66  6:52  Drone x2, Extractor  
  66  6:53  Drone x3  
  73  6:54  Extractor  
  73  6:55  Drone, Extractor  
  72  7:05  Drone x2  
  78  7:08  Drone x4  
  78  7:16  Overlord  
  78  7:18  Zergling x2  
  78  7:19  Zergling x8  
  78  7:21  Extractor  
  82  7:24  Drone x2, Extractor, Overlord  
  83  7:30  Drone x2  
  83  7:32  Drone  
  86  7:38  Overlord  
  86  7:40  Overseer  
  86  7:42  Spire, Zergling x10  
  90  7:44  Hatchery, Baneling  
  90  7:45  Baneling  
  90  7:48  Baneling  
  90  7:49  Zergling x10  
  94  7:52  Baneling x2  

Tags
 
Add a new tag
Caveats
  • Supply blocks, unpowered buildings, or Contaminate may cause inaccurate times.
  • Supply counts are checked every 10 seconds.